 Dungeon Sprint DCSS version 0.29.1-2-gbd0b4ee654 (webtiles) character file.

Game seed: 14026018617813096274

9 Zeld the Conjurer (level 2, -1/15 HPs)
             Began as a Deep Elf Conjurer on Nov 1, 2022.
             Slain by a rat (3 damage)
             ... in the Dungeon (Sprint IV: "Fedhas' Mad Dash").
             The game lasted 00:00:08 (21 turns).

Zeld the Conjurer (Deep Elf Conjurer)                 Turns: 21, Time: 00:00:09

Health: -1/15      AC:  2    Str:  4    XL:     2   Next: 6%
Magic:  0/9        EV: 13    Int: 22    God:
Gold:   0          SH:  0    Dex: 13    Spells: 8/9 levels left

rFire   . . .      SeeInvis .   (no weapon)
rCold   . . .      Faith    .   (no shield)
rNeg    . . .      Spirit   .   a - +0 robe
rPois   .          Reflect  .   (no helmet)
rElec   .          Harm     .   (no cloak)
rCorr   .          Rampage  .   (no gloves)
Will    .....      NoTele   +   (no boots)
Stlth   ++........              (no amulet)
HPRegen 0.05/turn               (no ring)
MPRegen 0.11/turn               (no ring)

@: no status effects
A: no striking features
a: no special abilities


You were in the Dungeon.
You visited 1 branch

Inventory:

Armour
 a - a +0 robe (worn)
Scrolls
 g - a scroll of blinking
Potions
 b - 3 potions of magic
 c - a potion of curing
 d - a potion of heal wounds
 e - a potion of haste
 f - a potion of berserk rage


   Skills:
 + Level 3.1 Dodging
 + Level 3.2 Stealth
 * Level 4.3 Spellcasting
 * Level 5.1 Conjurations


You had 8 spell levels left.
You knew the following spells:

 Your Spells              Type           Power      Damage    Failure   Level
a - Magic Dart            Conj           100%       1d8       1%          1

Your spell library contained the following spells:

 Spells                   Type           Power      Damage    Failure   Level
 Searing Ray              Conj           54%        2d6       1%          2
 Dazzling Flash           Conj/Hex       32%        N/A       11%         3
 Fulminant Prism          Conj/Hex       8%         3d7       36%         4
 Iskenderun's Mystic Bla  Conj/Tloc      16%        2d5       36%         4


Dungeon Overview and Level Annotations

Branches:
Dungeon (1/1)

Altars:


Message History

The river rat is almost dead.
The river rat barely misses you.
You are out of magic!
You are out of magic!
You hit the river rat but do no damage.
The river rat is almost dead.
The river rat completely misses you.
You closely miss the river rat.
The river rat is almost dead.
The river rat closely misses you.
You hit the river rat but do no damage.
The river rat is almost dead.
The river rat bites you but does no damage.
You hit the river rat but do no damage.
The river rat is almost dead.
The river rat bites you!
Ouch! That really hurt!
* * * LOW HITPOINT WARNING * * *
You are too injured to fight recklessly!
You are too injured to fight recklessly!
Casting: Magic Dart (safe; 1% risk of failure)
Confirm with . or Enter, or press ? or * to list all spells.
Aiming: Magic Dart (safe; 1% risk of failure)
Press: ? - help, Shift-Dir - straight line, f/p - river rat
Aim: a river rat (almost dead, 100% to hit)
The magic dart hits the river rat.
You kill the river rat!
Your Dodging skill increases to level 3!
Your Stealth skill increases to level 3!
Your Spellcasting skill increases to level 4!
Your Conjurations skill increases to level 5!
You have reached level 2!
You hit the fungus.
The fungus begins to die.
The fungus is lightly damaged.
The rat bites you but does no damage.
You hit the fungus but do no damage. The rat closely misses you.
You closely miss the rat.
A nearby fungus withers and dies.
The rat bites you but does no damage. The rat bites you.
You die...

###### #####
#<.rP#.....#
#P.@.†.$...+
#PPPP#.....#
###### #####


You could see a rat.

Vanquished Creatures
  A river rat (D)
1 creature vanquished.

Vanquished Creatures (others)
  A fungus (D)
1 creature vanquished.

Grand Total: 2 creatures vanquished

Notes
Turn   | Place    | Note
-------+----------+-------------------------------------------
     0 | D        | Zeld the Deep Elf Conjurer began the quest for the Orb.
     0 | D        | Reached XP level 1. HP: 10/10 MP: 6/6
    16 | D        | Reached skill level 5 in Conjurations
    16 | D        | Reached XP level 2. HP: 2/15 MP: 0/9
    21 | D        | Slain by a rat

Illustrated notes

Levels and vault maps discovered:
D:        dungeon_sprint_fedhas [sprint_temple]

Skill      XL: |  1 |
---------------+----+-----
Dodging        | 3 |  3.1
Stealth        | 3 |  3.2
Spellcasting   | 4 |  4.3
Conjurations   | 5 |  5.1

Action                   || total
-------------------------++-------
Melee: Unarmed           ||     7
 Cast: Magic Dart        ||     7
Armor: Robe              ||     3
Dodge: Dodged            ||     6
